 Dungeon Crawl Stone Soup version 0.17-a0-1731-g129c023 (console) character file.

213 rchandra the Digger (level 5, -5/24 HPs)
             Began as a Vine Stalker Earth Elementalist on Aug 29, 2015.
             Was an Initiate of Gozag.
             Slain by a scorpion (8 damage)
             ... on level 4 of the Dungeon.
             The game lasted 00:14:09 (2529 turns).

rchandra the Digger (VSEE)                          Turns: 2529, Time: 00:14:09

Health: -5/24      AC:  4    Str: 10    XL:     5   Next: 90%
Magic:  0/11       EV: 12    Int: 19    God:    Gozag
Gold:   326        SH:  0    Dex: 15    Spells: 3 memorised, 4 levels left

rFire  . . .     SeeInvis .     b - 107 stones
rCold  . . .     Clarity  .     k - +0 robe
rNeg   . . .     SustAt   .     (no shield)
rPois  .         Gourm    .     t - +0 helmet {Int+3}
rElec  .         Spirit   +     (no cloak)
rCorr  .         Warding  .     g - +0 pair of gloves
rMut   .         Stasis   .     (no boots)
MR     .....                    (no amulet)
Stlth  ++........               (no ring)
                                (no ring)

@: lethally poisoned (-5 -> -12), not resistant to hostile enchantments,
unstealthy
A: fangs 2, regeneration 1, magic shield, antimagic bite, no device heal 3, rot
immunity
a: Potion Petition, Call Merchant, Bribe Branch, Renounce Religion


You were on level 4 of the Dungeon.
You worshipped Gozag.
Gozag was noncommittal.
You were hungry.

You visited 1 branch of the dungeon, and saw 4 of its levels.

You collected 334 gold pieces.
You paid 8 gold pieces to Gozag.

Inventory:

Hand weapons
 a - a +0 short sword
 j - a +0 short sword
 o - a +0 dagger
Missiles
 b - 107 stones (in hand)
Armour
 g - a +0 pair of gloves (worn)
 k - a +0 robe (worn)
 t - a +0 helmet of intelligence (worn)
   (You found it on level 4 of the Dungeon)
Magical devices
 i - a wand of enslavement (16)
Scrolls
 e - 2 scrolls of teleportation {unknown}
 m - a scroll of recharging {unknown}
 n - 4 scrolls of identify {unknown}
 q - 2 scrolls of enchant armour {unknown}
 r - a scroll of remove curse {unknown}
Potions
 h - a potion of flight {unknown}
 p - a potion of ambrosia {unknown}
Books
 c - a book of Geomancy

   Spells                             Type                      Level
   a - Sandblast                      Earth                        1
   b - Stoneskin                      Transmutation/Earth          2
   c - Passwall                       Transmutation/Earth          3
   d - Stone Arrow                    Conjuration/Earth            3
   e - Petrify                        Transmutation/Earth          4
   f - Lee's Rapid Deconstruction     Earth                        5
Comestibles
 d - 4 bread rations
 f - 3 meat rations
 l - 4 fruits


   Skills:
 + Level 1.9 Dodging
 - Level 2.4 Stealth
 + Level 3.3 Spellcasting
 + Level 1.8 Conjurations
 - Level 2.0 Transmutations
 * Level 4.8 Earth Magic


You had 4 spell levels left.
You knew the following spells:

 Your Spells              Type           Power        Failure   Level  Hunger
e - Stoneskin             Trmt/Erth      ###.....     8%          2    ##.....
k - Stone Arrow           Conj/Erth      ###...       12%         3    ###....
y - Sandblast             Erth           ###...       1%          1    None


Dungeon Overview and Level Annotations

Branches:
Dungeon (4/15)
 Temple: D:4-7

Altars:
Gozag
Okawaru
Xom


Innate Abilities, Weirdness & Mutations

You have extremely sharp teeth.
Your natural rate of healing is unusually fast.
When hurt, damage is shared between your health and your magic reserves.
Your bite disrupts and absorbs the magic of your enemies.
Potions and wands cannot restore your health.
You are immune to rotting.


Message History

You are alive.
You are lethally poisoned (14 -> 0).
Your movement speed is average.
Your attack speed is below average.
Your base attributes are Str 10, Int 16, Dex 15.
You are not resistant to hostile enchantments.
You are unstealthy.
Unknown command.
You feel sick.
You take 2 damage, and have 12/24 hp.
b - 110 stones (in hand)
You feel sick.
You take 1 damage, and have 11/24 hp.
Casting: Stoneskin
Confirm with . or Enter, or press ? or * to list all spells.
Aiming: Sandblast
Press: ? - help, Shift-Dir - straight line, f - scorpion
Aim: a scorpion (lightly wounded)
The rocky blast hits the scorpion.
The scorpion is moderately wounded.
You feel sick. The scorpion barely misses you.
You now have 6/11 mp.
Casting: Sandblast
Confirm with . or Enter, or press ? or * to list all spells.
Aiming: Sandblast
Press: ? - help, Shift-Dir - straight line, f/p - scorpion
Aim: a scorpion (moderately wounded)
The rocky blast hits the scorpion.
The scorpion is moderately wounded.
* * * LOW HITPOINT WARNING * * *
You feel sick. The scorpion barely misses you.
You take 2 damage, and have 9/24 hp.
You now have 5/11 mp.
Unknown command.
Casting: Sandblast
Confirm with . or Enter, or press ? or * to list all spells.
Aiming: Sandblast
Press: ? - help, Shift-Dir - straight line, f/p - scorpion
Aim: a scorpion (moderately wounded)
The rocky blast hits the scorpion.
The scorpion is moderately wounded.
* * * LOW HITPOINT WARNING * * *
You feel sick. The scorpion stings you!
* * * LOW MAGIC WARNING * * *
* * * LOW HITPOINT WARNING * * *
You take 5 damage, and have 4/24 hp.
MASSIVE DAMAGE!!
You now have 1/11 mp.
Drink which item? (? for menu, Esc to quit)
It was a potion of heal wounds.
That seemed strangely inert.
* * * LOW HITPOINT WARNING * * *
You feel sick. The scorpion stings you!
* * * LOW MAGIC WARNING * * *
You die...
Your body crumbles into a pile of gold.

#... ..w# #..# ...# #
... ...###.# ##. #.#
#....#.#
....###.###.##.#.#
##....#.....##.#.#
............##.#.#
#........w...#.#.####
#...>..sf........(..#
#...................#
............##......#
###...##...###......#
#### ##### #####.###
#...# ###.# #.## #..#


You could see a worm and a scorpion.

Vanquished Creatures
  2 orc priests (D:3)
  4 gnolls (D:3)
  5 adders (D:2 D:3)
  A worm (D:2)
  3 giant geckos (D:2 D:3)
  2 orcs (D:3)
  5 bats (D:1 D:2 D:3)
  4 giant cockroaches (D:1 D:2 D:3)
  9 goblins (D:1 D:2 D:3)
  7 hobgoblins (D:1 D:2)
  2 jackals (D:2)
  A quokka (D:2)
  2 ball pythons (D:2)
  A giant gecko skeleton (D:4)
  2 giant newts (D:2 D:3)
  9 kobolds (D:1 D:2)
  8 rats (D:1 D:2 D:3)
67 creatures vanquished.

Notes
Turn   | Place    | Note
--------------------------------------------------------------
     0 | D:1      | rchandra the Vine Stalker Earth Elementalist began the quest for the Orb.
     0 | D:1      | Reached XP level 1. HP: 9/9 MP: 4/4
   225 | D:1      | Reached XP level 2. HP: 11/13 MP: 0/6
   483 | D:1      | Learned a level 2 spell: Stoneskin
   760 | D:2      | Reached XP level 3. HP: 16/16 MP: 4/7
   765 | D:2      | Learned a level 3 spell: Stone Arrow
   855 | D:2      | Reached skill level 4 in Earth Magic
  1053 | D:2      | Found an opulent altar of Gozag.
  1083 | D:2      | Became a worshipper of Gozag Ym Sagoz the Greedy
  1101 | D:2      | Found a shimmering altar of Xom.
  1103 | D:2      | Found a shimmering altar of Xom.
  1103 | D:2      | Found a shimmering altar of Xom.
  1103 | D:2      | Found a shimmering altar of Xom.
  1108 | D:2      | Found a shimmering altar of Xom.
  1133 | D:2      | Reached XP level 4. HP: 21/21 MP: 4/9
  1763 | D:3      | Reached skill level 3 in Spellcasting
  1808 | D:3      | Reached skill level 1 in Conjurations
  1928 | D:3      | Reached skill level 2 in Transmutations
  1928 | D:3      | Reached XP level 5. HP: 24/24 MP: 5/10
  2062 | D:3      | Found an iron altar of Okawaru.
  2529 | D:4      | Slain by a scorpion

Vault maps used:
D:1:      onia_arrival_pyramid
D:2:      grunt_gozag_breadcrumbs, xom_redecorated
D:3:      first_bread, minmay_misc_feat_four_crosses, okawaru_gym_becter
D:4:      nemelex_deck, feat_on_display, uniq_duvessa

Action                   |  1- 3 |  4- 6 || total
-------------------------+-------+-------++-------
Melee: Unarmed           |    10 |       ||    10
       Short sword       |    41 |    95 ||   136
Throw: Stone             |       |     1 ||     1
 Cast: Sandblast         |    35 |    26 ||    61
       Stoneskin         |       |     2 ||     2
Invok: Potion Petition   |       |     1 ||     1
  Use: Potion            |       |     1 ||     1
 Stab: Sleeping          |     3 |     6 ||     9
  Eat: Chunk             |     1 |     1 ||     2
       Beef jerky        |       |     1 ||     1
       Pizza             |       |     1 ||     1

Vault maps used:
D:1:      onia_arrival_pyramid
D:2:      grunt_gozag_breadcrumbs, xom_redecorated
D:3:      first_bread, minmay_misc_feat_four_crosses, okawaru_gym_becter
D:4:      nemelex_deck, feat_on_display, uniq_duvessa
